 Dungeon Crawl Stone Soup version 0.24.0-1-gfbc8707122 (webtiles) character file.

Game seed: 14820221091664480113, levelgen mode: classic

2348 EnegeticOcto the Cleaver (level 9, -4/77 HPs)
             Began as a Minotaur Fighter on Oct 27, 2019.
             Was a Believer of Makhleb.
             Slain by an unseen horror (8 damage)
             ... on level 7 of the Dungeon.
             The game lasted 00:03:55 (5838 turns).

EnegeticOcto the Cleaver (Minotaur Fighter)         Turns: 5838, Time: 00:03:56

Health: -4/77      AC: 12    Str: 24    XL:     9   Next: 20%
Magic:  11/11      EV:  9    Int:  5    God:    Makhleb [**....]
Gold:   178        SH: 10    Dex: 10    Spells: 8/8 levels left

rFire    . . .     SeeInvis .   a - +0 war axe
rCold    . . .     Gourm    .   c - +0 shield
rNeg     . . .     Faith    +   x - +0 chain mail
rPois    .         Spirit   .   (helmet restricted)
rElec    .         Reflect  .   i - +1 cloak
rCorr    .         Harm     .   (no gloves)
MR       .....                  (no boots)
Stlth    ..........             v - amulet of faith
HPRegen  0.22/turn              A - +1 ring of evasion
MPRegen  0.12/turn              (no ring)

@: no status effects
A: retaliatory headbutt, horns 2
a: Minor Destruction, Renounce Religion


You were on level 7 of the Dungeon.
You worshipped Makhleb.
Makhleb was pleased with you.
You were very hungry.

You visited 1 branch of the dungeon, and saw 7 of its levels.

You collected 330 gold pieces.
You spent 152 gold pieces at shops.

Inventory:

Hand Weapons
 a - a +0 war axe (weapon)
Armour
 b - the +0 pair of gloves of Seiwnux {rF+ rC- Stlth+}
   (You bought it in a shop on level 7 of the Dungeon)

   It protects you from fire.
   It makes you vulnerable to cold.
   It makes you more stealthy.
 c - a +0 shield (worn)
 i - a +1 cloak (worn)
 x - a +0 chain mail (worn)
Jewellery
 v - an amulet of faith (around neck)
 A - a +1 ring of evasion (left hand)
Wands
 p - a wand of disintegration (16)
 u - a wand of clouds (3)
Scrolls
 f - 7 scrolls of teleportation {@r3 !r}
 k - 4 scrolls of immolation
 n - a scroll of fear {unknown}
 q - a scroll of blinking {@r4}
 r - 4 scrolls of magic mapping {@r5 !r}
 y - 4 scrolls of remove curse {@r2}
 C - a scroll of identify {@r1}
 E - a scroll of fog {unknown}
Potions
 d - a potion of might {@q3 !q}
 g - 3 potions of haste {unknown}
 h - a potion of resistance {unknown}
 j - a potion of magic {unknown}
 l - 2 potions of cancellation {unknown}
 m - 4 potions of curing {unknown}
 o - 3 potions of lignification {@q6}
 s - 2 potions of agility {unknown}
 t - a potion of berserk rage {unknown}
 w - a potion of flight
 z - 2 potions of heal wounds {@q2 !q}
 B - a potion of ambrosia {unknown}
 D - a potion of degeneration {unknown}
Comestibles
 e - 17 rations


   Skills:
 + Level 6.3 Fighting
 * Level 8.1 Axes
 + Level 6.4 Armour
 + Level 4.7 Dodging
 + Level 6.4 Shields
 * Level 5.2 Invocations


You had 8 spell levels left.
You didn't know any spells.
Your spell library was empty.

Dungeon Overview and Level Annotations

Branches:
Dungeon (7/15)             Temple (0/1) D:7

Altars:
Cheibriados
Dithmenos
Gozag
Makhleb
Nemelex Xobeh
Sif Muna
Xom
Zin

Shops:
D:7 :[::

Annotations:
D:6 3 runed translucent doors, mortelune's ghost, novice GrFi


Innate Abilities, Weirdness & Mutations

You reflexively headbutt those who attack you in melee.
You have a pair of horns on your head.


Message History

The jackal zombie closely misses you.
You hit the jackal zombie.
The jackal zombie is heavily damaged.
The jackal zombie misses you.
You slash the jackal zombie!
You destroy the jackal zombie!
Makhleb accepts your kill.
No target in view!
No target in view!
There is a stone staircase leading up here.
You are feeling hungry.
f - 7 scrolls of teleportation {@r3 !r} (gained 1)
Found a stone staircase leading down.
n - a scroll labeled ROSEOCLINEIR
Found a stone staircase leading up.
No target in view!
No target in view!
No target in view!
No target in view!
s - 2 emerald potions (gained 1)
Found Afoyha's Book Shop.
C - a scroll of identify {@r1}
There is an entrance to Afoyha's Book Shop here.
E - a scroll labeled FYF TI IXZA
Found a chain mail.
You are feeling very hungry.
No target in view!
No target in view!
No target in view!
No target in view!
No target in view!
There is a stone staircase leading up here.
You open the door.
There is an open door here.
There is an open door here.
You open the door.
There is an open door here.
There is a strange disturbance nearby!
There is a strange disturbance nearby!
There is a strange disturbance nearby!
There is a strange disturbance nearby!
No target in view!
No target in view!
No target in view!
Deactivating autopickup; reactivate with Ctrl-A.
You closely miss something. Your headbutt misses something. Something hits you.
Something hits you. Something hits you! Something hits you.
You swing at nothing.
Something hits you but does no damage.
You miss something. You headbutt something.
Something hits you but does no damage. x2; You block something's attack.
You swing at nothing.
Something completely misses you.
You closely miss something. You block something's attack.
You swing at nothing.
You slash something! Something hits you but does no damage. Something hits you.
You miss something. Something hits you but does no damage.
You swing at nothing.
You swing at nothing.
You swing at nothing.
You swing at nothing.
You swing at nothing.
You swing at nothing.
You swing at nothing.
You swing at nothing.
You swing at nothing.
You swing at nothing.
You block something's attack.
You swing at nothing.
Something hits you but does no damage.
You swing at nothing.
Something hits you. Something hits you. Something hits you but does no damage.
Something hits you but does no damage.
You closely miss something. You headbutt something.
Something hits you but does no damage.
You closely miss something. Your headbutt misses something. Something hits you.
You block something's attack.
You hit something. Something hits you! Something hits you.
Something hits you but does no damage.
You hit something. Something hits you but does no damage. Something hits you.
Something hits you.
You swing at nothing.
You swing at nothing.
You barely miss something. Something hits you but does no damage.
You swing at nothing.
Something hits you but does no damage. x2
You hit something. Something hits you. Something hits you!
You barely miss something. You headbutt something. Something hits you.
* * * LOW HITPOINT WARNING * * *
You swing at nothing.
Something hits you!
* * * LOW HITPOINT WARNING * * *
You closely miss something. Something hits you but does no damage.
Something hits you.
* * * LOW HITPOINT WARNING * * *
Something hits you but does no damage.
Your chain mail prevents you from hitting something.
You headbutt something! Something hits you but does no damage.
You block something's attack.
You miss something. You headbutt something! Something hits you.
* * * LOW HITPOINT WARNING * * *
Something hits you!
You die...

....# ### .. #.##.### ###.# ..
...#....... # #.# .. .........# #
#.# #. #.###....## #.# ### #
#.###...##.##.## #.###.##
#..#...#.#...# #.# #.##.#.##
#..........# #.# #...###.#
#.####.#.### ##'## ####.#.##
#..@{....# ##...## ###.##
######.### ##.....# # ##.#.#
#######.## ##.......
####....#####........####........
'............>..........'........
####....#####.##.....####........
# ##.#.# #.##.##..# ##.......
##.#..# #.##.###.# ##.....#
#.###.# #.##.###.# ##...##


There were no monsters in sight!

Vanquished Creatures
  Sigmund (D:6)
  A spriggan (D:7)
  Eustachio (D:6)
  Edmund (D:5)
  An ice beast (D:5)
  A sky beast (D:6)
  A necrophage (D:6)
  An ogre (D:6)
  A centaur (D:6)
  A wyvern zombie (D:5)
  4 bullfrogs
  A water moccasin zombie (D:5)
  A water moccasin skeleton (D:4)
  A scorpion (D:7)
  4 crimson imps
  A quasit (D:7)
  A bullfrog zombie (D:5)
  2 orc wizards
  Crazy Yiuf (D:3)
  2 hounds
  A jelly (D:5)
  3 orc priests
  Ijyb (D:3)
  Terence (D:2)
  An iguana (D:5)
  A worker ant (D:6)
  A hound zombie (D:7)
  A worker ant zombie (D:6)
  14 gnolls
  3 adders
  3 oozes
  5 worms
  5 leopard geckos
  15 orcs
  6 giant cockroaches
  9 goblins
  4 hobgoblins
  8 jackals
  4 kobolds
  A quokka (D:5)
  A ball python (D:4)
  9 bats
  7 frilled lizards
  2 jackal zombies
  7 rats
  2 fungi (D:3)
143 creatures vanquished.

Notes
Turn   | Place    | Note
-------+----------+-------------------------------------------
     0 | D:1      | EnegeticOcto the Minotaur Fighter began the quest for the
                  | Orb.
     0 | D:1      | Reached XP level 1. HP: 19/19 MP: 0/0
   150 | D:1      | Reached XP level 2. HP: 27/27 MP: 1/1
   307 | D:1      | Reached skill level 3 in Axes
   772 | D:2      | Reached XP level 3. HP: 33/33 MP: 2/2
   783 | D:2      | Reached skill level 1 in Dodging
  1440 | D:2      | Noticed Terence
  1445 | D:2      | Killed Terence
  1445 | D:2      | Reached XP level 4. HP: 40/40 MP: 3/3
  1558 | D:3      | Reached skill level 4 in Axes
  1705 | D:3      | Reached XP level 5. HP: 31/46 MP: 4/4
  1958 | D:3      | Noticed Ijyb
  1970 | D:3      | Killed Ijyb
  2183 | D:3      | Found a shadowy altar of Dithmenos.
  2287 | D:3      | Found a sparkling altar of Nemelex Xobeh.
  2465 | D:3      | Found a runed translucent door.
  2466 | D:3      | Noticed Crazy Yiuf
  2472 | D:3      | Killed Crazy Yiuf
  2711 | D:4      | Found a burning altar of Makhleb.
  2711 | D:4      | Found a shimmering altar of Xom.
  2715 | D:4      | Reached XP level 6. HP: 53/53 MP: 5/5
  2719 | D:4      | Became a worshipper of Makhleb the Destroyer
  2761 | D:4      | Reached skill level 5 in Axes
  2839 | D:4      | Found an opulent altar of Gozag.
  3005 | D:4      | Reached skill level 1 in Invocations
  3127 | D:4      | Found a snail-covered altar of Cheibriados.
  3247 | D:5      | Entered Level 5 of the Dungeon
  3265 | D:5      | Noticed an ice beast
  3271 | D:5      | Killed an ice beast
  3271 | D:5      | Reached skill level 5 in Armour
  3271 | D:5      | Reached skill level 5 in Shields
  3271 | D:5      | Reached XP level 7. HP: 60/60 MP: 7/7
  3282 | D:5      | Reached skill level 5 in Fighting
  3323 | D:5      | Reached * piety under Makhleb
  3480 | D:5      | Reached skill level 6 in Axes
  3545 | D:5      | Noticed Edmund
  3560 | D:5      | Killed Edmund
  3598 | D:5      | Reached XP level 8. HP: 59/68 MP: 9/9
  3849 | D:5      | Found a shimmering blue altar of Sif Muna.
  3939 | D:6      | Noticed Sigmund
  3945 | D:6      | Killed Sigmund
  3945 | D:6      | Reached ** piety under Makhleb
  4099 | D:6      | Found a glowing silver altar of Zin.
  4192 | D:6      | Reached skill level 7 in Axes
  4205 | D:6      | Noticed mortelune's ghost (novice GrFi)
  4206 | D:6      | Found a runed translucent gate.
  4206 | D:6      | Found a runed translucent gate.
  4206 | D:6      | Found a runed translucent gate.
  4531 | D:6      | Noticed Eustachio
  4547 | D:6      | Killed Eustachio
  4948 | D:7      | Found Oshry's Book Shoppe.
  4969 | D:7      | Found Fumehegu's Antique Armour Shop.
  4977 | D:7      | Bought a pair of ancient gloves for 152 gold pieces
  4982 | D:7      | Identified the +0 pair of gloves of Seiwnux {rF+ rC-
                  | Stlth+} (You bought it in a shop on level 7 of the Dungeon)
  4998 | D:7      | Reached XP level 9. HP: 75/75 MP: 11/11
  5037 | D:7      | Reached skill level 5 in Invocations
  5116 | D:7      | Found a staircase to the Ecumenical Temple.
  5166 | D:7      | Reached skill level 8 in Axes
  5473 | D:7      | Found Funky's Book Shop.
  5606 | D:7      | Found Afoyha's Book Shop.
  5838 | D:7      | Slain by an unseen horror

Levels and vault maps discovered:
D:1:      dpeg_arrival_pits, layout_rooms, palyth_stone_intersect,
          serial_bayou_pond_e, minmay_hedge_maze,
          corexii_item_surrounded_by_moat
D:2:      layout_loops_cross, uniq_terence
D:3:      layout_rooms, lemuel_doored_altar, first_ration,
          nicolae_dithmenos_through_a_glass_darkly, uniq_crazy_yiuf_cottage,
          uniq_ijyb
D:4:      layout_basic, grunt_temple_overflow_champion_of_chaos,
          cheibriados_altar_1, nicolae_gozag_seed_capital
D:5:      layout_rooms, led_sif_pool, uniq_edmund
D:6:      layout_rooms, nicolae_overflow_crystal_walls, gammafunk_ghost_split,
          serial_co_window_serial, co_window_paths_b, co_window_paths_a,
          co_window_paths_a, co_window_corner_a, co_window_paths_a,
          co_window_of_opportunity_a, co_window_corner_a, co_window_broadway_c,
          co_window_paths_c, co_window_paths_c, co_window_corner_ca,
          co_window_unsneaky_path_e, co_window_corner_b,
          co_window_unsneaky_path_d, glass_columns_b, glass_columns_b,
          glass_columns_b, glass_columns_b, uniq_sigmund, uniq_eustachio
D:7:      layout_loops_corners, minmay_temple_entry_glassed_door, serial_shops,
          shop, shop, shop_fountains, shop, minmay_misc_feat_four_crosses,
          the_bakery

Skill      XL: |  1  2  3  4  5  6  7  8  9 |
---------------+----------------------------+-----
Axes           | 3 4 5 6 7 8 |  8.1
Dodging        | 1 2 3 4 |  4.7
Shields        | 4 5 6 |  6.4
Armour         | 4 5 6 |  6.4
Fighting       | 4 5 6 |  6.3
Invocations    | 1 3 4 5 |  5.2

Action                   |  1- 3 |  4- 6 |  7- 9 || total
-------------------------+-------+-------+-------++-------
Melee: War axe           |    97 |   140 |   219 ||   456
       Headbutt          |    19 |    35 |    53 ||   107
  Use: Scroll            |       |       |     9 ||     9
  Eat: Chunk             |     2 |     6 |     7 ||    15
Armor: Scale mail        |    44 |    48 |    17 ||   109
       Chain mail        |       |       |    85 ||    85
Dodge: Dodged            |    26 |    38 |    71 ||   135
Block: Shield            |    50 |    63 |   112 ||   225
